 Dungeon Crawl Stone Soup version 0.30-a0-458-g86641cc369 (webtiles) character file.

Game seed: 17353163283138521250

18 PyroL the Grasshopper (level 2, -5/25 HPs)
             Began as a Draconian Warper on Dec 14, 2022.
             Slain by a gnoll
             ... wielding a +1 vorpal spear
              (7 damage)
             ... on level 1 of the Dungeon.
             The game lasted 00:00:58 (475 turns).

PyroL the Grasshopper (Draconian Warper)             Turns: 475, Time: 00:00:59

Health: -5/25      AC:  5    Str: 13    XL:     2   Next: 51%
Magic:  5/5        EV: 12    Int: 13    God:
Gold:   0          SH:  0    Dex: 10    Spells: 3/5 levels left

rFire   . . .      SeeInvis .    a - +0 mace
rCold   . . .      Faith    .    (no shield)
rNeg    . . .      Spirit   .    (body armour unavailable)
rPois   .          Reflect  .    (helmet restricted)
rElec   .          Harm     .    d - +0 cloak
rCorr   .          Rampage  .    (no gloves)
Will    .....                    (no boots)
Stlth   +.........               (no amulet)
HPRegen 0.24/turn                (no ring)
MPRegen 0.09/turn                (no ring)

@: no status effects
A: AC +4, unfitting armour, cold-blooded
a: no special abilities


You were on level 1 of the Dungeon.
You visited 1 branch of the dungeon, and saw 1 of its levels.

Inventory:

Hand Weapons
 a - a +0 mace (weapon)
Missiles
 c - 7 boomerangs of dispersal (quivered)
Armour
 d - a +0 cloak (worn)
Jewellery
 j - a ring of ice
Scrolls
 b - a scroll of blinking
 e - a scroll of enchant weapon {unknown}
 f - a scroll of magic mapping {unknown}
 g - 2 scrolls of identify {unknown}
 h - a scroll of fog {unknown}
Potions
 i - a potion of brilliance {unknown}


   Skills:
 + Level 2.5 Fighting
 - Level 2.0 Maces & Flails
 - Level 0.8 Throwing
 - Level 2.1 Dodging
 + Level 2.2 Spellcasting
 * Level 3.5 Translocations


You had 3 spell levels left.
You knew the following spells:

 Your Spells              Type           Power      Damage    Failure   Level
a - Blink                 Tloc           20%        N/A       9%          2

Your spell library contained the following spells:

 Spells                   Type           Power      Damage    Failure   Level
 Lesser Beckoning         Tloc           20%        N/A       19%         3
 Teleport Other           Tloc           10%        N/A       19%         3
 Vhi's Electric Charge    Tloc/Air       12%        N/A       36%         3
 Manifold Assault         Tloc           10%        N/A       52%         4


Dungeon Overview and Level Annotations

Branches:
Dungeon (1/15)

Altars:


Innate Abilities, Weirdness & Mutations

Your plain brown scales are hard. (AC +4)
You cannot fit into any form of body armour.
You are cold-blooded and may be slowed by cold attacks.


Message History

i - a cyan potion
j - a ring of ice An endoplasm is nearby!
You sock the endoplasm!
You kill the endoplasm!
No target in view!
No target in view!
You open the door.
A gnoll comes into view. It is wielding a +1 vorpal spear.
The gnoll shouts!
There is an open door here.
You start waiting.
A gnoll is nearby!
The gnoll barely misses you.
There is an open door here.
You barely miss the gnoll.
The gnoll hits you with a +1 vorpal spear!
The gnoll closely misses you.
You hit the gnoll.
The gnoll is heavily wounded.
The gnoll hits you but does no damage.
You hit the gnoll but do no damage.
The gnoll is heavily wounded.
The gnoll closely misses you.
You hit the gnoll but do no damage.
The gnoll is heavily wounded.
The gnoll completely misses you.
You hit the gnoll. You tail-slap the gnoll.
The gnoll is severely wounded.
The gnoll hits you with a +1 vorpal spear.
* * * LOW HITPOINT WARNING * * *
x2 The gnoll misses you.
You closely miss the gnoll.
The gnoll is severely wounded.
The gnoll hits you with a +1 vorpal spear.
* * * LOW HITPOINT WARNING * * *
x2 Unknown command.
The gnoll attacks as you move away!
The gnoll hits you with a +1 vorpal spear!
You die...

#.##..............# #..# ##.###
#.##...##########.###..# #.###
#.##...# #......# #.#..
#.###'## ########.###..# #.#.#
#.###.####......#.###..# #...#
#)...†..##......#.##...# #.###
#####.#.##......#......#### #.#
#
..###.#.##......#...###...###.#
#
#..##.#.##.....g@.....+...'...#
#
#.....#.##......#..####...#####
# #.....#.#####.#.#........##
#.....#.#####.#.#..########
#......)..................#
#.....#.#......###.#...##.#
####.........#####+#...##.#
######>...##........##.# ##
#.#..........####.# #.


You could see a gnoll.

Vanquished Creatures
  2 ball pythons (D:1)
  4 endoplasms (D:1)
  A giant cockroach (D:1)
  A goblin (D:1)
  2 hobgoblins (D:1)
  A kobold (D:1)
  2 bats (D:1)
  3 frilled lizards (D:1)
16 creatures vanquished.

Notes
Turn   | Place    | Note
-------+----------+-------------------------------------------
     0 | D:1      | PyroL the Draconian Warper began the quest for the Orb.
     0 | D:1      | Reached XP level 1. HP: 17/17 MP: 3/3
   179 | D:1      | Reached XP level 2. HP: 21/25 MP: 5/5
   233 | D:1      | Learned a level 2 spell: Blink
   475 | D:1      | Slain by a gnoll

Illustrated notes

Levels and vault maps discovered:
D:1:      minmay_arrival_jagged, layout_basic

Action                   || total
-------------------------++-------
Melee: Mace              ||    43
       Tailslap          ||     6
Armor: Skin              ||    13
Dodge: Dodged            ||    38

Table legend: (Time is in decaauts)
 A = Elapsed time spent in this place.
 B = Non-inter-level travel time spent in this place.
 C = Inter-level travel time spent in this place.
 D = Time resting spent in this place.
 E = Time spent auto-exploring this place.
 F = Levels seen in this place.
 G = Mean time per level.
                   A        B        C        D        E       F      G
               +--------+--------+--------+--------+--------+-----+--------+
         Total |    488 |    467 |     21 |      3 |    332 |   1 |  488.0 |
       Dungeon |    488 |    467 |     21 |      3 |    332 |   1 |  488.0 |
               +--------+--------+--------+--------+--------+-----+--------+

Top non-repeatable levels by time:
     D:1: 488 daAuts
